 Dungeon Crawl Stone Soup version 0.31-a0-1074-g0b22e4e0f1 (webtiles) character file.

Game seed: 5301284683535683667

134 backslashecho the Grasshopper (level 5, -1/39 HPs)
             Began as a Human Warper on Dec 4, 2023.
             Slain by an iguana (8 damage)
             ... on level 4 of the Dungeon.
             The game lasted 00:05:33 (2321 turns).

backslashecho the Grasshopper (Human Warper)        Turns: 2321, Time: 00:05:33

Health: -1/39      AC:  8    Str: 14    XL:     5   Next: 40%
Magic:  8/8        EV:  7    Int: 13    God:
Gold:   122        SH:  0    Dex: 12    Spells: 8/8 levels left

rFire   . . .        a - +0 hand axe
rCold   . . .        (no shield)
rNeg    . . .        l - +0 chain mail
rPois   .            j - melded +0 helmet
rElec   .            h - melded scarf {shadows}
rCorr   .            (gloves currently unavailable)
SInv    .            (boots currently unavailable)
Will    .....        (no amulet) Stlth
                     (no ring)
HPRegen 0.26/turn    (no ring)
MPRegen 0.11/turn

%: no passive effects
@: beast-form
A: beast (slay +0)
a: Begin Untransformation


You were on level 4 of the Dungeon.
You were a hulking beast.
You visited 1 branch of the dungeon, and saw 4 of its levels.

You collected 122 gold pieces.

Inventory:

Hand Weapons
 a - a +0 hand axe (weapon)
Missiles
 d - 7 darts of dispersal (quivered)
Armour
 h - a scarf of shadows (melded)
 i - a +0 cloak
 j - a +0 helmet (melded)
 l - a +0 chain mail (worn)
 m - a +1 helmet
Talismans
 g - a beast talisman (active)
Scrolls
 b - a scroll of identify {unknown}
 c - 2 scrolls of blinking
 k - 2 scrolls of enchant armour {unknown}
Potions
 e - a potion of mutation {unknown}
 f - 2 potions of resistance {unknown}
 n - a potion of attraction {unknown}


   Skills:
 + Level 2.7 Fighting
 * Level 3.3 Axes
 - Level 2.0 Throwing
 + Level 2.0 Armour
 - Level 2.0 Dodging
 - Level 1.0 Unarmed Combat
 - Level 2.0 Spellcasting
 + Level 3.4 Translocations


You had 8 spell levels left.
You didn't know any spells.
Your spell library contained the following spells:

 Spells                   Type           Power      Damage    Failure   Level
 Blink                    Tloc           20%        N/A       85%         2
 Lesser Beckoning         Tloc           20%        N/A       85%         2
 Teleport Other           Tloc           10%        N/A       97%         3
 Foxfire                  Conj/Fire      4%         2x1d4     99%         1
 Manifold Assault         Tloc           10%        N/A       100%        4
 Vhi's Electric Charge    Tloc/Air       10%        N/A       100%        4
 Plasma Beam              Fire/Air       0%         2x1d10    100%        6
 Starburst                Conj/Fire      0%         6d3       100%        6


Dungeon Overview and Level Annotations

Branches:
Dungeon (4/15)
 Temple: D:4-7

Altars:
Hepliaklqana

Shops:
D:3 [:

Annotations:
D:3 Sigmund


Message History

The iguana bites you!
You take 8 damage, and have 31/39 hp.
MASSIVE DAMAGE!!
You hit the iguana but do no damage.
The iguana is lightly wounded.
The iguana bites you but does no damage.
You hit the iguana but do no damage.
The iguana is lightly wounded.
The iguana bites you but does no damage.
You hit the iguana but do no damage.
The iguana is lightly wounded.
The iguana bites you!
You take 7 damage, and have 25/39 hp.
You hit the iguana but do no damage.
The iguana is lightly wounded.
The iguana bites you.
You take 3 damage, and have 22/39 hp.
You completely miss the iguana.
The iguana is lightly wounded.
The iguana barely misses you.
You barely miss the iguana.
The iguana is lightly wounded.
The iguana barely misses you.
You hit the iguana but do no damage.
The iguana is lightly wounded.
The iguana bites you. The iguana barely misses you.
You take 1 damage, and have 21/39 hp.
You hit the iguana but do no damage.
The iguana is lightly wounded.
The iguana bites you but does no damage.
You hit the iguana but do no damage.
The iguana is lightly wounded.
The iguana bites you!
You take 7 damage, and have 15/39 hp.
You barely miss the iguana.
The iguana is lightly wounded.
The iguana bites you.
You take 1 damage, and have 14/39 hp.
You hit the iguana but do no damage.
The iguana is lightly wounded.
The iguana closely misses you.
You hit the iguana.
The iguana is moderately wounded.
The iguana bites you!
* * * LOW HITPOINT WARNING * * *
You take 8 damage, and have 7/39 hp.
MASSIVE DAMAGE!!
You barely miss the iguana. Your punch misses the iguana.
The iguana is moderately wounded.
The iguana barely misses you. The iguana attacks as it pursues you!
The iguana bites you!
You die...

####### #.....#
##############.###.#
...............# #.#
##...#########.###.#
#.....# #.....#
##...## ###.###
##.## #.# #.#
########h# #.#
#......l.# #+#
#.###.......#
#.##.##.# #.. ..# #
#. #.# #. #.# . ...
## ##


You could see an iguana.

Vanquished Creatures
  An orc priest (D:2)
  An orc wizard (D:2)
  An adder (D:2)
  2 worms
  2 dart slugs
  3 orcs
  10 bats
  4 endoplasms
  3 giant cockroaches
  7 goblins
  3 hobgoblins
  5 kobolds
  2 quokkas
  3 ball pythons
  4 frilled lizards
  5 rats
56 creatures vanquished.

Notes
Turn   | Place    | Note
-------+----------+-------------------------------------------
     0 | D:1      | backslashecho the Human Warper began the quest for the Orb.
     0 | D:1      | Reached XP level 1. HP: 16/16 MP: 3/3
   110 | D:1      | Reached XP level 2. HP: 20/22 MP: 5/5
   543 | D:1      | Reached XP level 3. HP: 23/27 MP: 6/6
   778 | D:2      | Found a hazy altar of Hepliaklqana.
  1240 | D:2      | Reached XP level 4. HP: 28/34 MP: 7/7
  1724 | D:3      | Noticed a walking frostbound tome
  1752 | D:2      | Reached skill level 1 in Unarmed Combat
  1899 | D:2      | Reached XP level 5. HP: 27/39 MP: 8/8
  2006 | D:3      | Found Enut's Book Shop.
  2006 | D:3      | Noticed a walking crystal tome
  2036 | D:3      | Noticed Sigmund
  2204 | D:3      | Found a hazy altar of Hepliaklqana.
  2243 | D:3      | Found Ihaq's Antique Armour Emporium.
  2321 | D:4      | Slain by an iguana

Illustrated notes

Levels and vault maps discovered:
D:1:      matt_arrival_refuge, layout_basic
D:2:      layout_basic, basic_altar, serial_curves, eino_curves_01,
          eino_curves_02
D:3:      layout_basic, mainiacjoe_overflow_chevrons, serial_shops,
          nicolae_shop_mannequins, shop, nicolae_shop_stone, shop, hex_medium,
          uniq_sigmund
D:4:      minmay_chambers_of_twos, layout_loops_corners,
          nicolae_sif_muna_little_library

Skill      XL: |  1  2  3  4  5 |
---------------+----------------+-----
Axes           | 3 |  3.3
Unarmed Combat | 1 |  1.0
Throwing       | 2 |  2.0
Armour         | 2 |  2.0
Fighting       | |  2.7
Dodging        | |  2.0
Spellcasting   | |  2.0
Translocations | |  3.4

Action                     |  1- 3 |  4- 6 || total
---------------------------+-------+-------++-------
  Melee: Hand axe          |   119 |   112 ||   231
         Punch             |     1 |     2 ||     3
         Unarmed           |       |     3 ||     3
    Use: Potion            |       |     2 ||     2
 Armour: Leather armour    |    61 |       ||    61
         Chain mail        |    27 |    83 ||   110
         Skin              |       |     7 ||     7
  Dodge: Dodged            |    52 |    34 ||    86
   Form: Beast             |     2 |       ||     2
                           |     1 |       ||     1

Table legend: (Time is in decaauts)
 A = Elapsed time spent in this place.
 B = Non-inter-level travel time spent in this place.
 C = Inter-level travel time spent in this place.
 D = Time resting spent in this place.
 E = Time spent auto-exploring this place.
 F = Levels seen in this place.
 G = Mean time per level.
                   A        B        C        D        E       F      G
               +--------+--------+--------+--------+--------+-----+--------+
         Total |   2363 |   2160 |    203 |    285 |   1216 |   4 |  590.8 |
       Dungeon |   2363 |   2160 |    203 |    285 |   1216 |   4 |  590.8 |
               +--------+--------+--------+--------+--------+-----+--------+

Top non-repeatable levels by time:
     D:2: 1293 daAuts
     D:1: 786 daAuts
     D:3: 209 daAuts
     D:4: 74 daAuts
